 Dungeon Crawl Stone Soup version 0.21-a0-279-g6037ffb (console) character file.

15 removed the Grave Robber (level 2, 0/20 HPs)
             Began as a Demigod Necromancer on Sept 23, 2017.
             Slain by an ooze (1 damage)
             ... on level 1 of the Dungeon.
             The game lasted 00:01:25 (428 turns).

removed the Grave Robber (Demigod Necromancer)       Turns: 428, Time: 00:01:26

Health: 0/20       AC:  2    Str: 11    XL:     2   Next: 21%
Magic:  1/7        EV: 12    Int: 19    God:
Gold:   5          SH:  0    Dex: 16    Spells: 3/4 levels left

rFire    . . .     SeeInvis .   g - +0 dagger
rCold    . . .     Gourm    +   (no shield)
rNeg     . . .     Faith    .   a - +0 robe
rPois    .         Spirit   .   (no helmet)
rElec    .         Reflect  .   (no cloak)
rCorr    .         Harm     .   (no gloves)
MR       .....                  (no boots)
Stlth    ++........             d - amulet of the gourmand
HPRegen  0.06/turn              (no ring)
MPRegen  0.10/turn              (no ring)

@: no status effects
A: high mp 1
a: no special abilities


You were on level 1 of the Dungeon.
You were not hungry.

You visited 1 branch of the dungeon, and saw 1 of its levels.

You collected 5 gold pieces.

Inventory:

Hand Weapons
 g - a +0 dagger (weapon)
Armour
 a - a +0 robe (worn)
Jewellery
 d - an amulet of the gourmand (around neck)
Scrolls
 e - a scroll of random uselessness {unknown}
Books
 b - a book of Necromancy

   Spells                             Type                      Level
   a - Pain                           Necromancy                   1
   b - Animate Skeleton               Necromancy                   1
   c - Vampiric Draining              Necromancy                   3
   d - Regeneration                   Charms/Necromancy            3
   e - Animate Dead                   Necromancy                   4
   f - Control Undead                 Necromancy                   4
Comestibles
 c - a bread ration


   Skills:
 - Level 1.7 Dodging
 - Level 1.7 Stealth
 - Level 1.7 Spellcasting
 + Level 4.2 Necromancy


You had 3 spell levels left.
You knew the following spells:

 Your Spells              Type           Power        Failure   Level  Hunger
a - Pain                  Necr           ###.         3%          1    #......


Dungeon Overview and Level Annotations

Branches:
Dungeon (1/15)


Innate Abilities, Weirdness & Mutations

You have an increased reservoir of magic. (+10% MP)


Message History

You hit the jackal.
You kill the jackal!
The jackal bites you but does no damage.
The jackal misses you.
You closely miss the frilled lizard. The jackal completely misses you.
The frilled lizard closely misses you. The jackal misses you.
The ooze quivers.
You hit the frilled lizard.
The frilled lizard is heavily wounded.
The jackal bites you.
* * * LOW HITPOINT WARNING * * *
The frilled lizard bites you.
* * * LOW HITPOINT WARNING * * *
You hit the frilled lizard.
You kill the frilled lizard!
The jackal barely misses you. The jackal barely misses you.
The ooze closely misses you. The ooze hits you.
You die...

####.#........#
....#........#
........†....#
.........(...#
.######..#.#####
.........†.##
##........# #.....h...#
#.....@J..# #.........#
.. #.......>.# #..
#...).....# #..
#...##....#
#..###...##....#
#....#...##....########
#.......###...........#
##.......#
#...........#


You could see an ooze and a jackal.

Vanquished Creatures
  A leopard gecko (D:1)
  3 bats (D:1)
  A hobgoblin (D:1)
  A jackal (D:1)
  2 frilled lizards (D:1)
  4 goblins (D:1)
  A rat (D:1)
13 creatures vanquished.

Notes
Turn   | Place    | Note
-------+----------+-------------------------------------------
     0 | D:1      | removed the Demigod Necromancer began the quest for the Orb.
     0 | D:1      | Reached XP level 1. HP: 14/14 MP: 5/5
   154 | D:1      | Reached skill level 4 in Necromancy
   360 | D:1      | Reached XP level 2. HP: 17/20 MP: 5/7
   424 | D:1      | HP: 1/20 [frilled lizard (1)]
   428 | D:1      | Slain by an ooze

Vault maps used:
D:1:      nicolae_arrival_memento_mori, minmay_three_crescents

Skill      XL: |  1 |
---------------+----+-----
Necromancy     | 4 |  4.2
Dodging        | |  1.7
Stealth        | |  1.7
Spellcasting   | |  1.7

Action                   || total
-------------------------++-------
Melee: Dagger            ||     5
 Cast: Pain              ||    24
  Eat: Chunk             ||     2
Armor: Robe              ||     4
Dodge: Dodged            ||    18

Table legend:
 A = Spawn XP
 B = Non-spawn XP
 C = Spawn XP percentage of total XP
 D = Spawn monster count
 E = Non-spawn monster count
 F = Spawn count percentage of total count
 G = Total turns spent on level
                    A         B        C        D         E        F      G
               +---------+---------+-------+---------+---------+-------+---------
         Total |       0 |      22 |   0.0 |       0 |      13 |   0.0 |   428
               +---------+---------+-------+---------+---------+-------+---------
           D:1 |       0 |      22 |   0.0 |       0 |      13 |   0.0 |   428
               +---------+---------+-------+---------+---------+-------+---------
